 Dungeon Crawl Stone Soup version 0.29-a0-1065-g47a6bb87d6 (webtiles) character file.

Game seed: 7225997117205757584

332 freelancePsychic the Sneak (level 6, -1/37 HPs)
             Began as a Deep Elf Delver on Aug 18, 2022.
             Slain by an ogre
             ... wielding a +0 giant spiked club
              (23 damage)
             ... on level 4 of the Dungeon.
             The game lasted 00:08:51 (4778 turns).

freelancePsychic the Sneak (Deep Elf Delver)        Turns: 4778, Time: 00:08:51

Health: -1/37      AC:  7    Str:  9    XL:     6   Next: 26%
Magic:  12/12      EV: 13    Int: 15    God:
Gold:   236        SH:  0    Dex: 18    Spells: 5/11 levels left

rFire   . . .      SeeInvis .   a - +2 dagger (venom)
rCold   . . .      Faith    .   (no shield)
rNeg    . . .      Spirit   .   j - +1 leather armour
rPois   .          Reflect  .   e - +0 helmet
rElec   .          Harm     .   (no cloak)
rCorr   .          Rampage  .   o - +1 pair of gloves
Will    .....                   (no boots)
Stlth   +++.......              (no amulet)
HPRegen 0.12/turn               (no ring)
MPRegen 0.13/turn               (no ring)

@: no status effects
A: no striking features
a: no special abilities


You were on level 4 of the Dungeon.
You visited 1 branch of the dungeon, and saw 5 of its levels.

You collected 236 gold pieces.

Inventory:

Hand Weapons
 a - a +2 dagger of venom (weapon)
 b - a +0 sling
 k - a +0 short sword
Armour
 e - a +0 helmet (worn)
 j - a +1 leather armour (worn)
 o - a +1 pair of gloves (worn)
Wands
 g - a wand of digging (2)
Scrolls
 c - a scroll of fog
 h - a scroll of enchant weapon {unknown}
 p - a scroll of butterflies
 s - 3 scrolls of teleportation {@r4}
Potions
 d - 2 potions of mutation {unknown}
 f - a potion of haste {@q3}
 i - a potion of might {unknown}
 l - a potion of berserk rage {unknown}
 q - 2 potions of flight {unknown}
 r - a potion of heal wounds {unknown}
 t - 4 potions of curing {unknown}
 u - a potion of brilliance {unknown}


   Skills:
 - Level 3.0 Fighting
 - Level 2.9 Short Blades
 - Level 0.5 Ranged Weapons
 - Level 4.0 Dodging
 - Level 6.2 Stealth
 + Level 3.2 Spellcasting
 * Level 3.9 Summonings


You had 5 spell levels left.
You knew the following spells:

 Your Spells              Type           Power      Damage    Failure   Level
b - Call Canine Familiar  Summ           14%        N/A       17%         3
c - Summon Guardian Gole  Hex/Summ       8%         N/A       36%         3

Your spell library contained the following spells:

 Spells                   Type           Power      Damage    Failure   Level
 Summon Small Mammal      Summ           56%        N/A       5%          1
 Apportation              Tloc           4%         N/A       28%         1
 Beastly Appendage        Tmut           4%         N/A       28%         1
 Wereblood                Tmut           2%         N/A       38%         2
 Spider Form              Tmut/Pois      2%         N/A       63%         3
 Alistair's Intoxication  Tmut/Pois      1%         N/A       100%        5


Dungeon Overview and Level Annotations

Branches:
Dungeon (5/15)
 Temple: D:4-7

Altars:

Annotations:
D:4 Eustachio


Message History

Okay, then.
There is an open door here.
The ogre shouts!
The orc shouts!
You hear a shout!
There is a stone staircase leading up here.
The orc misses you.
You climb upwards.
Found a whip.
There is a stone staircase leading down here.
You hit the orc.
The orc is moderately wounded.
The orc hits you but does no damage.
You hit the orc.
The orc is poisoned.
The orc is almost dead.
The orc hits you but does no damage.
You barely miss the orc.
The orc is almost dead.
You kill the orc!
You now have 230 gold pieces (gained 11).
You see here a +0 whip.
You see here a +0 whip.
Found a ring mail.
You now have 236 gold pieces (gained 6).
There is a stone staircase leading down here.
You see here a +0 whip.
You see here a +0 whip.
Done exploring.
Done exploring.
(D) Dungeon
Where to? (Enter - D:4, ? - help)
There is a stone staircase leading down here.
You climb downwards.
Level annotation: Eustachio The ogre hits you with a +0 giant spiked club!
There is a stone staircase leading up, spattered with blood here.
As you read the scroll of butterflies, it crumbles to dust.
You hear the tinkle of a tiny bell.
The ogre hits you with a +0 giant spiked club!!
Ouch! That really hurt!
You die...

#........#.......##..##..# .##.
#........#...........##..###+##.
##...##..##..........(..........
######..###'##.................
#...##..##......##..###.###
#..>............#######.###
########...bbb##..##....)...)
#..)..##..##bb##<.##....$>...
###
##....##..##@bb...#######.#..
#.# #....'...bbObb...## #####
..######..##..bbbbb....#
..#..###..##...........#
..........##..##......##
..........##..##......#
..............#.......+
..............#.......#
#######################


You could see an ogre (ally target).

Vanquished Creatures
  A bullfrog (D:5)
  A scorpion (D:3)
  2 orc wizards (D:3)
  Robin (D:2)
  5 adders
  A worm (D:2)
  A dart slug (D:2)
  13 orcs
  8 ball pythons
  5 endoplasms
  A giant cockroach (D:2)
  17 goblins
  4 hobgoblins
  2 jackals (D:1)
  3 quokkas
  8 bats
  4 frilled lizards
  A kobold (D:2)
  6 rats
84 creatures vanquished.

Vanquished Creatures (others)
  2 demonic plants (D:3)
  6 plants (D:2)
8 creatures vanquished.

Grand Total: 92 creatures vanquished

Notes
Turn   | Place    | Note
-------+----------+-------------------------------------------
     0 | D:5      | freelancePsychic the Deep Elf Delver began the quest for
                  | the Orb.
     0 | D:5      | Reached XP level 1. HP: 13/13 MP: 3/3
    47 | D:4      | Noticed a hound
   533 | D:1      | Reached XP level 2. HP: 18/18 MP: 4/4
   992 | D:2      | Noticed Robin
  1194 | D:2      | Reached XP level 3. HP: 22/22 MP: 5/5
  1675 | D:2      | Reached XP level 4. HP: 20/27 MP: 6/6
  2034 | D:2      | Killed Robin
  3146 | D:3      | Reached skill level 1 in Summonings
  3159 | D:3      | Found a faded altar of an unknown god.
  3159 | D:3      | Noticed a shadow demon
  3261 | D:3      | Reached skill level 1 in Spellcasting
  3261 | D:3      | Reached XP level 5. HP: 32/32 MP: 8/8
  3297 | D:4      | Noticed an ogre
  3350 | D:4      | Noticed an ogre
  3394 | D:3      | Learned a level 3 spell: Call Canine Familiar
  3398 | D:3      | Learned a level 3 spell: Summon Guardian Golem
  3957 | D:4      | Noticed an ogre
  4009 | D:4      | Noticed Eustachio
  4187 | D:5      | Reached XP level 6. HP: 27/37 MP: 10/12
  4778 | D:4      | Slain by an ogre

Illustrated notes

Levels and vault maps discovered:
D:1:      dpeg_arrival_tiny_g, layout_basic, corexii_hall_statues_i
D:2:      cheibrodos_old_hovel, layout_loops_cross, kennysheep_donut, uniq_robin
D:3:      layout_rooms, dreamdust_ecumenical_altar_sealed_demon,
          minmay_misc_feat_four_crosses
D:4:      minmay_octagon_keep, layout_gridville, minmay_misc_feat_x,
          uniq_eustachio
D:5:      layout_basic

Skill      XL: |  1  2  3  4  5 |
---------------+----------------+-----
Dodging        | 3 4 |  4.0
Fighting       | 3 |  3.0
Summonings     | 1 3 |  3.9
Spellcasting   | 1 3 |  3.2
Short Blades   | |  2.9
Ranged Weapons | |  0.5
Stealth        | |  6.2

Action                   |  1- 3 |  4- 6 || total
-------------------------+-------+-------++-------
Melee: Short sword       |    12 |       ||    12
       Punch             |     1 |     3 ||     4
       Dagger            |    42 |   140 ||   182
 Fire: Sling             |    26 |       ||    26
Evoke: Wand              |     1 |       ||     1
  Use: Scroll            |     1 |     8 ||     9
       Potion            |       |     1 ||     1
 Stab: Sleeping          |     9 |     6 ||    15
Armor: Leather armour    |     6 |    41 ||    47
Dodge: Dodged            |    25 |    93 ||   118

Table legend: (Time is in decaauts)
 A = Elapsed time spent in this place.
 B = Non-inter-level travel time spent in this place.
 C = Inter-level travel time spent in this place.
 D = Time resting spent in this place.
 E = Time spent auto-exploring this place.
 F = Levels seen in this place.
 G = Mean time per level.
                   A        B        C        D        E       F      G
               +--------+--------+--------+--------+--------+-----+--------+
         Total |   4744 |   4519 |    225 |    450 |   3202 |   5 |  948.8 |
       Dungeon |   4744 |   4519 |    225 |    450 |   3202 |   5 |  948.8 |
               +--------+--------+--------+--------+--------+-----+--------+

Top non-repeatable levels by time:
     D:2: 1852 daAuts
     D:3: 1233 daAuts
     D:1: 729 daAuts
     D:5: 678 daAuts
     D:4: 250 daAuts
